 Dungeon Crawl Stone Soup version 0.31-a0-4-gefa6de2278 (webtiles) character file.

Game seed: 10279687248258789364

65 Pimp the Chopper (level 4, 0/41 HPs)
             Began as a Hill Orc Monk on May 4, 2023.
             Succumbed to an adder's poison
             ... on level 2 of the Dungeon.
             The game lasted 00:01:46 (986 turns).

Pimp the Chopper (Hill Orc Monk)                     Turns: 986, Time: 00:01:47

Health: 0/41       AC:  5    Str: 15    XL:     4   Next: 14%
Magic:  4/4        EV: 16    Int: 10    God:
Gold:   97         SH:  0    Dex: 13    Spells: 3/3 levels left

rFire   . . .        a - +0 hand axe
rCold   . . .        d - orb {light}
rNeg    . . .        i - +0 ring mail
rPois   .            (no helmet)
rElec   .            (no cloak)
rCorr   .            (no gloves)
SInv    .            (no boots)
Will    .....        (no amulet)
Stlth   +            l - +5 ring of evasion
HPRegen 0.26/turn    (no ring)
MPRegen 0.09/turn

%: no passive effects
@: lethally poisoned (0 -> -1), glowing
A: no striking features
a: no special abilities


You were on level 2 of the Dungeon.
You visited 1 branch of the dungeon, and saw 2 of its levels.

You collected 97 gold pieces.

Inventory:

Hand Weapons
 a - a +0 hand axe (weapon)
Armour
 b - a +0 robe
 d - an orb of light (worn)
 i - a +0 ring mail (worn)
Jewellery
 l - a +5 ring of evasion (left hand)
Scrolls
 h - a scroll of identify {unknown}
 k - a scroll of magic mapping {unknown}
Potions
 c - a potion of flight {unknown}
 e - a potion of haste {unknown}
 f - 2 potions of heal wounds {unknown}
 g - a potion of attraction {unknown}
 j - a potion of degeneration {unknown}


   Skills:
 + Level 4.5 Fighting
 + Level 5.0 Axes
 + Level 3.0 Dodging


You had 3 spell levels left.
You didn't know any spells.
Your spell library was empty.

Dungeon Overview and Level Annotations

Branches:
Dungeon (2/15)

Altars:

Annotations:
D:2 Terence


Message History

A hobgoblin is nearby!
A hobgoblin is nearby!
The hobgoblin shouts!
You barely miss the hobgoblin.
The hobgoblin hits you but does no damage.
You hit the hobgoblin.
The hobgoblin is heavily wounded.
The hobgoblin misses you.
You hit the hobgoblin.
You kill the hobgoblin!
An adder comes into view.
An adder is nearby!
An adder is nearby!
Found a stone staircase leading up.
The adder hisses angrily.
You hear a shout!
Terence the Incautious comes into view.
He is wielding a +6 heavy falchion.
You closely miss the adder. The adder misses you. The adder bites you.
You are poisoned.
The adder poisons you!
You hit the adder.
The adder is heavily wounded.
You hit Terence but do no damage.
You feel sick. The adder closely misses you.
Terence hits you with a +6 heavy falchion!
You hit the adder.
The adder is almost dead.
You hit Terence but do no damage.
You feel sick. The adder barely misses you. The adder closely misses you.
You feel sick.
Terence hits you with a +6 heavy falchion!
* * * LOW HITPOINT WARNING * * *
The adder barely misses you.
You completely miss Terence. You barely miss the adder.
You feel sick. The adder misses you.
Terence hits you with a +6 heavy falchion.
* * * LOW HITPOINT WARNING * * *
You hit Terence.
Terence is moderately wounded.
You hit the adder.
You kill the adder!
You die...

#...# #.# #.## ## #...#
#.###..## .## ..
#.).####..###..#####..##..
#.......#......##.....#.[#
#.?...#...................
#!>.#.##..................
#...#..................##
#...###...[...##........#.
##### ##.@....##......#...
#†@................
........###...<....#
......................
#####.<............##..
#............... ..
#......##...#(###..
....#.........# .
..###.... .


You could see Terence.

Vanquished Creatures
  Jessica (D:2)
  An adder (D:2)
  A worm (D:2)
  6 ball pythons (D:1)
  A bat (D:1)
  6 endoplasms
  4 giant cockroaches
  3 goblins (D:1)
  2 hobgoblins
  2 jackals (D:1)
  2 kobolds (D:1)
  2 quokkas (D:1)
  A frilled lizard (D:2)
32 creatures vanquished.

Notes
Turn   | Place    | Note
-------+----------+-------------------------------------------
     0 | D:1      | Pimp the Hill Orc Monk began the quest for the Orb.
     0 | D:1      | Reached XP level 1. HP: 19/19 MP: 1/1
    69 | D:1      | HP: 1/20 [poisoned by a goblin]
    90 | D:1      | Reached XP level 2. HP: 20/27 MP: 2/2
   308 | D:1      | Reached XP level 3. HP: 33/33 MP: 3/3
   947 | D:2      | Noticed Jessica
   960 | D:2      | Killed Jessica
   961 | D:2      | Reached skill level 5 in Axes
   961 | D:2      | Reached XP level 4. HP: 26/41 MP: 4/4
   980 | D:2      | Noticed Terence
   985 | D:2      | HP: 1/41 [Terence/+6 heavy falchion (4)]
   986 | D:2      | Succumbed to an adder's poison

Illustrated notes

Levels and vault maps discovered:
D:1:      wheals_arrival_shading, layout_basic
D:2:      layout_rooms, uniq_terence, uniq_jessica

Skill      XL: |  1  2  3 |
---------------+----------+-----
Fighting       | 4 |  4.5
Axes           | 5 |  5.0
Dodging        | 3 |  3.0

Action                     |  1- 3 |  4- 6 || total
---------------------------+-------+-------++-------
  Melee: Hand axe          |    73 |     8 ||    81
    Use: Potion            |     1 |       ||     1
 Armour: Robe              |     1 |       ||     1
         Ring mail         |     3 |     1 ||     4
  Dodge: Dodged            |    52 |     7 ||    59

Table legend: (Time is in decaauts)
 A = Elapsed time spent in this place.
 B = Non-inter-level travel time spent in this place.
 C = Inter-level travel time spent in this place.
 D = Time resting spent in this place.
 E = Time spent auto-exploring this place.
 F = Levels seen in this place.
 G = Mean time per level.
                   A        B        C        D        E       F      G
               +--------+--------+--------+--------+--------+-----+--------+
         Total |    991 |    935 |     56 |     16 |    674 |   2 |  495.5 |
       Dungeon |    991 |    935 |     56 |     16 |    674 |   2 |  495.5 |
               +--------+--------+--------+--------+--------+-----+--------+

Top non-repeatable levels by time:
     D:1: 848 daAuts
     D:2: 143 daAuts
